[Event "PJKL 2008 AB categorie"]
[Site "Roermond"]
[Date "2008.12.30"]
[Round "7"]
[White "Clevers, Egbert "]
[Black "Freriks, Oscar "]
[Result "1-0"]
[ECO "B07"]
[WhiteElo "2109"]
[BlackElo "1341"]
[PlyCount "41"]
[EventDate "2008.??.??"]
[TimeControl "240+2"]

{1MB, Fritz10.ctg, ERIC-LAPTOP} 1. e4 g6 2. f4 d6 3. Bc4 Bg7 4. d3 Nf6 5. Nc3
a6 6. a4 c6 7. Bb3 Qb6 8. Qf3 O-O 9. h3 Nbd7 10. Be3 Nc5 11. Bxc5 Qxc5 12. a5
Nd7 13. Nge2 Qa7 14. g4 b6 15. h4 Nc5 16. Ba2 bxa5 17. h5 e6 18. Qh3 Bh8 19. d4
Nb7 20. hxg6 Nd8 21. Qxh7# 1-0

[Event "PJKL 2008 AB categorie"]
[Site "Roermond"]
[Date "2008.12.30"]
[Round "7"]
[White "van Meegen, Ruud "]
[Black "Bachaus, Sander "]
[Result "1/2-1/2"]
[ECO "B00"]
[WhiteElo "1693"]
[BlackElo "1853"]
[PlyCount "64"]
[EventDate "2008.??.??"]
[TimeControl "240+2"]

{1MB, Fritz10.ctg, ERIC-LAPTOP} 1. e4 Nc6 2. d4 d5 3. Nc3 dxe4 4. d5 Ne5 5. Qd4
Ng6 6. Qxe4 Nf6 7. Qa4+ Bd7 8. Qb3 Qc8 9. Be3 e6 10. O-O-O exd5 11. Nxd5 Nxd5
12. Qxd5 Be6 13. Qe4 Be7 14. Bd4 O-O 15. Bd3 c5 16. Bc3 c4 17. Be2 b5 18. Nf3
b4 19. Bd4 Qa6 20. Kd2 Rad8 21. Ke1 f5 22. Qe3 f4 23. Qc1 Bf6 24. Bxf6 Rxd1+
25. Qxd1 Rxf6 26. Qa1 Bd5 27. Kf1 Qa4 28. Nd4 Nh4 29. f3 Nf5 30. Nxf5 Rxf5 31.
Qb1 Re5 32. Kf2 Qc6 1/2-1/2

[Event "PJKL 2008 AB categorie"]
[Site "Roermond"]
[Date "2008.12.30"]
[Round "7"]
[White "van Vliembergen, Marina "]
[Black "Smith, Thijmen "]
[Result "0-1"]
[ECO "B23"]
[WhiteElo "1686"]
[BlackElo "1961"]
[PlyCount "66"]
[EventDate "2008.??.??"]
[TimeControl "240+2"]

{1MB, Fritz10.ctg, ERIC-LAPTOP} 1. e4 c5 2. Nc3 Nc6 3. f4 g6 4. Nf3 Bg7 5. Bb5
Nd4 6. O-O Nxb5 7. Nxb5 d5 8. exd5 a6 9. Nc3 Nf6 10. Qe2 Nxd5 11. Qc4 Nxc3 12.
dxc3 b6 13. Be3 O-O 14. Rad1 Qc7 15. a3 Be6 16. Qe2 Qc6 17. Ng5 Bc8 18. Rd2 Qb5
19. Qxb5 axb5 20. Kf2 Bf5 21. Rfd1 b4 22. axb4 cxb4 23. cxb4 Bxb2 24. Bxb6 Bc3
25. Re2 Bxb4 26. Bd4 Rfd8 27. Nf3 Rac8 28. Rc1 Rc4 29. c3 f6 30. h3 h5 31. Ke3
Kf7 32. Nd2 Rcxd4 33. cxb4 Rd3+ 0-1

[Event "PJKL 2008 AB categorie"]
[Site "Roermond"]
[Date "2008.12.30"]
[Round "7"]
[White "Hendrix, Judith "]
[Black "Faassen, Guido "]
[Result "1/2-1/2"]
[ECO "A26"]
[WhiteElo "1631"]
[BlackElo "1756"]
[PlyCount "100"]
[EventDate "2008.??.??"]
[TimeControl "240+2"]

{1MB, Fritz10.ctg, ERIC-LAPTOP} 1. c4 g6 2. g3 Bg7 3. Bg2 Nc6 4. Nc3 d6 5. d3
e5 6. f4 f5 7. Nh3 Nf6 8. a3 a5 9. Bd2 Qe7 10. Nf2 Nd4 11. O-O c6 12. e3 Ne6
13. Re1 O-O 14. fxe5 dxe5 15. d4 e4 16. Qc2 Rd8 17. Ne2 Nc7 18. Rec1 c5 19. d5
b5 20. b3 Nfxd5 21. cxd5 Bxa1 22. Rxa1 Nxd5 23. Rc1 b4 24. axb4 cxb4 25. Nd4
Qd6 26. Nh3 Ba6 27. Qa2 Bd3 28. Rc6 Qd7 29. Ng5 Rdc8 30. Rxc8+ Qxc8 31. Nge6
Ra6 32. Qa1 Rxe6 33. Nxe6 Qxe6 34. Qxa5 Qd6 35. Bf1 Bxf1 36. Kxf1 Nc3 37. Bxc3
Qd3+ 38. Kf2 bxc3 39. Qe5 Qd2+ 40. Kf1 Qd1+ 41. Kg2 Qf3+ 42. Kh3 Qf1+ 43. Kh4
g5+ 44. Kxg5 h6+ 45. Kh5 Qh3+ 46. Kg6 Qg4+ 47. Kxh6 Qh3+ 48. Kg5 Qg4+ 49. Kh6
Qh3+ 50. Kg5 Qg4+ 1/2-1/2

[Event "PJKL 2008 AB categorie"]
[Site "Roermond"]
[Date "2008.12.30"]
[Round "7"]
[White "de la Fonteijne, Frederik "]
[Black "Frijns, Raoul "]
[Result "1/2-1/2"]
[ECO "B33"]
[WhiteElo "1258"]
[BlackElo "1682"]
[PlyCount "65"]
[EventDate "2008.??.??"]
[TimeControl "240+2"]

{1MB, Fritz10.ctg, ERIC-LAPTOP} 1. e4 c5 2. Nf3 Nc6 3. d4 cxd4 4. Nxd4 Nf6 5.
Nc3 e5 6. Nf3 Bb4 7. Bd2 d6 8. Bc4 Bxc3 9. Bxc3 Nxe4 10. Bxf7+ Kf8 11. Bb3 Nxc3
12. bxc3 Qf6 13. h3 Bf5 14. O-O g5 15. Nh2 Ke7 16. Rb1 Rab8 17. Qd2 h5 18. f3
Qg6 19. Bd5 Bxc2 20. Rbe1 Rhf8 21. c4 Kd7 22. Bxc6+ bxc6 23. Rxe5 Bd3 24. Rxg5
Qh6 25. Rf2 Rb1+ 26. Nf1 Bxc4 27. f4 Rxf1+ 28. Rxf1 Bxf1 29. Qd4 Bb5 30. Rg7+
Qxg7 31. Qxg7+ Ke8 32. Qg6+ Kd7 33. Qg7+ 1/2-1/2

[Event "PJKL 2008 AB categorie"]
[Site "Roermond"]
[Date "2008.12.30"]
[Round "7"]
[White "Cals, Florens "]
[Black "Kool, Patrick"]
[Result "0-1"]
[ECO "C41"]
[WhiteElo "1081"]
[BlackElo "1350"]
[PlyCount "118"]
[EventDate "2008.??.??"]
[TimeControl "240+2"]

{1MB, Fritz10.ctg, ERIC-LAPTOP} 1. e4 e5 2. Nf3 d6 3. Bc4 Bg4 4. d3 h6 5. Be3
Nf6 6. Nbd2 Be7 7. h3 Bh5 8. g4 Bg6 9. d4 exd4 10. Bxd4 O-O 11. Qe2 Nbd7 12.
O-O-O c6 13. g5 Nh5 14. gxh6 gxh6 15. e5 dxe5 16. Nxe5 Nxe5 17. Bxe5 Bf6 18.
Bxf6 Qxf6 19. Rhg1 Kh7 20. Bd3 Nf4 21. Qf3 Nxd3+ 22. cxd3 Qxf3 23. Nxf3 Rad8
24. Ne5 Rfe8 25. f4 Rd5 26. d4 Bh5 27. Rd3 Rg8 28. Rxg8 Kxg8 29. Nf3 Bxf3 30.
Rxf3 Rxd4 31. Rb3 Rxf4 32. Rxb7 Ra4 33. a3 a5 34. Rb6 Rh4 35. Rxc6 Rxh3 36.
Rc8+ Kg7 37. Ra8 Rh5 38. b4 axb4 39. axb4 Rb5 40. Ra4 h5 41. Kc2 h4 42. Kc3 h3
43. Ra1 h2 44. Kc4 Rh5 45. Rh1 Kf6 46. b5 Ke7 47. Kd3 Kd6 48. Ke2 Kc5 49. Kf2
Kxb5 50. Kg2 Kc5 51. Rxh2 Rxh2+ 52. Kxh2 Kd5 53. Kg3 Ke5 54. Kf3 Kf5 55. Kg3
Ke4 56. Kf2 Kf4 57. Kf1 Kf3 58. Ke1 f5 59. Kf1 f4 0-1

[Event "PJKL 2008 C categorie"]
[Site "Gemeente Leudal"]
[Date "2008.12.30"]
[Round "8"]
[White "Peeters, Victor "]
[Black "Godding, Mick "]
[Result "1-0"]
[ECO "C26"]
[WhiteElo "954"]
[BlackElo "1049"]
[PlyCount "29"]
[EventDate "2008.??.??"]
[TimeControl "240+2"]

1. e4 e6 2. d4 c5 3. Be3 Qb6 4. b3 Nc6 5. Nf3 Nge7 6. Nc3 cxd4 7. Nxd4 e5 8.
Nf5 Qa5 9. Nd6+ Kd8 10. Bd2 Rg8 11. Nxf7+ Ke8 12. Nd6+ Kd8 13. Ncb5 Qb6 14.
Nf7+ Ke8 15. Nbd6# 1-0

[Event "PJKL 2008 C categorie"]
[Site "Gemeente Leudal"]
[Date "2008.12.30"]
[Round "7"]
[White "Linsen, Freek "]
[Black "Thomassen, Lisan "]
[Result "1-0"]
[ECO "C45"]
[WhiteElo "1252"]
[BlackElo "746"]
[PlyCount "29"]
[EventDate "2008.??.??"]
[TimeControl "240+2"]

{65MB, Fritz10.ctg, LT-111} 1. e4 e5 2. Nf3 Nc6 3. d4 exd4 4. Nxd4 Nxd4 5. Qxd4
Nf6 6. Be2 Be7 7. e5 c5 8. Qd3 Ng8 9. O-O d6 10. exd6 Bxd6 11. Bf3 Nf6 12. Re1+
Be6 13. Bxb7 Rb8 14. Bc6+ Nd7 15. Qxd6 {0-0 16. Lxd7 Lxd7 17. Dg3 g6 18. Lh6
Te8 19. Pc3 Txb2 20.Te2 Lf5 21. Txe8 Dxe8 22. Pd5 Dc6 23.Pe7+ Kh8 24. Pxc6 Tb7
25. De5+ f6 26. Dxf6 Kg8 27. Pe7+ Txe7 28. Dxe7 Lxc2 29. Dg7#} 1-0

[Event "PJKL 2008 C categorie"]
[Site "Gemeente Leudal"]
[Date "2008.12.30"]
[Round "7"]
[White "Godding, Mick "]
[Black "Claessen, Remco "]
[Result "0-1"]
[ECO "C50"]
[WhiteElo "1049"]
[BlackElo "1334"]
[PlyCount "136"]
[EventDate "2008.??.??"]
[TimeControl "240+2"]

{65MB, Fritz10.ctg, LT-111} 1. e4 e5 2. Nf3 Nc6 3. Bc4 Bc5 4. d3 Nf6 5. Nc3 d6
6. h3 h6 7. O-O Be6 8. Re1 Qd7 9. b3 O-O-O 10. Be3 Bb4 11. Qd2 g5 12. Bxe6 Qxe6
13. a3 Bxc3 14. Qxc3 Rhg8 15. Nh2 g4 16. hxg4 Nxg4 17. g3 h5 18. f3 Nxe3 19.
Rxe3 Qh3 20. g4 Rh8 21. Qd2 Rdg8 22. Qg2 hxg4 23. Nxg4 Nd4 24. Rc1 Nxf3+ 25.
Rxf3 Qxg4 26. Qxg4+ Rxg4+ 27. Kf2 Rh2+ 28. Ke3 Rgg2 29. Re1 Rxc2 30. Rxf7 Rh3+
31. Rf3 Rxf3+ 32. Kxf3 Rb2 33. b4 Rb3 34. Ke3 Rxa3 35. Rb1 Kd7 36. b5 Ke6 37.
Rh1 Rb3 38. Rh7 Rxb5 39. Rxc7 a5 40. Rc4 b6 41. d4 Kf6 42. Rc6 exd4+ 43. Kxd4
Ke6 44. e5 Rb4+ 45. Kd3 Kxe5 46. Rc1 Kd5 47. Ra1 Kc5 48. Kc2 d5 49. Kd3 a4 50.
Rc1+ Kb5 51. Rc8 Rh4 52. Rd8 d4 53. Rxd4 Rxd4+ 54. Kxd4 Kb4 55. Kd3 Kb3 56. Ke2
Kb2 57. Kd1 a3 58. Ke2 a2 59. Ke3 a1=Q 60. Kd4 Kb3+ 61. Kd5 Qc3 62. Kd6 Qc5+
63. Kd7 Kc4 64. Ke8 Qc7 65. Kf8 Kd5 66. Kg8 Ke6 67. Kh8 Kf6 68. Kg8 Qg7# 0-1

[Event "PJKL 2008 C categorie"]
[Site "Gemeente Leudal"]
[Date "2008.12.30"]
[Round "7"]
[White "van Mulekom, Maureen "]
[Black "Schols, Wouter "]
[Result "1-0"]
[ECO "C26"]
[WhiteElo "955"]
[BlackElo "893"]
[PlyCount "95"]
[EventDate "2008.??.??"]
[TimeControl "240+2"]

{65MB, Fritz10.ctg, LT-111} 1. e4 e5 2. Nc3 Nf6 3. g3 Bc5 4. Bg2 Ng4 5. Qxg4
O-O 6. Qd1 Qf6 7. Qf3 Qb6 8. Nge2 Nc6 9. O-O d6 10. d3 Be6 11. Nd5 Nd4 12. Nxd4
Bxd5 13. exd5 Bxd4 14. Qg4 h6 15. Bxh6 e4 16. Bxe4 Qxb2 17. Rfc1 Qa3 18. Rab1
Rfe8 19. Re1 Kf8 20. Be3 Bxe3 21. Rxe3 Qxa2 22. Rbe1 Rad8 23. Qf4 a5 24. Bg6
Qxd5 25. c4 Rxe3 26. Rxe3 Kg8 27. cxd5 fxg6 28. Qg5 Rf8 29. Re7 Rf6 30. Re8+
Rf8 31. Qd8 Rxe8 32. Qxe8+ Kh7 33. g4 a4 34. Qxa4 c6 35. dxc6 bxc6 36. Qxc6 g5
37. Qxd6 g6 38. Qe7+ Kh6 39. Qf8+ Kh7 40. Qf6 Kg8 41. Qxg6+ Kh8 42. Qxg5 Kh7
43. Kg2 Kh8 44. Kf3 Kh7 45. Kf4 Kh8 46. Kf5 Kh7 47. Kf6 Kh8 48. Qg7# 1-0

[Event "PJKL 2008 C categorie"]
[Site "Gemeente Leudal"]
[Date "2008.12.30"]
[Round "7"]
[White "de Ridder, Naomi "]
[Black "Katoen, Tom "]
[Result "1-0"]
[ECO "B70"]
[WhiteElo "1217"]
[BlackElo "1015"]
[PlyCount "99"]
[EventDate "2008.??.??"]
[TimeControl "240+2"]

{65MB, Fritz10.ctg, LT-111} 1. e4 c5 2. Nf3 d6 3. d4 cxd4 4. Nxd4 Nf6 5. Nc3 g6
6. Bb5+ Bd7 7. Bg5 Bg7 8. O-O O-O 9. Qd2 Qb6 10. Bxd7 Nbxd7 11. Nb3 Qc6 12. Nd5
Rfe8 13. f3 Nxd5 14. exd5 Qb6+ 15. Be3 Qc7 16. c3 Ne5 17. Bd4 Nc4 18. Qf2 Bxd4
19. Nxd4 Ne5 20. f4 Ng4 21. Qg3 Qd7 22. h3 Nf6 23. Qf3 Kh8 24. Rae1 Rg8 25. Re2
Rae8 26. c4 a6 27. Rfe1 b5 28. cxb5 axb5 29. Qb3 Qa7 30. Qc3 Nxd5 31. Qd2 f6
32. Kh1 e5 33. fxe5 dxe5 34. Nxb5 Qd7 35. a4 Rd8 36. Rd1 Nf4 37. Qxd7 Rxd7 38.
Rxd7 Nxe2 39. a5 Ra8 40. Ra7 Ng3+ 41. Kh2 Rxa7 42. Nxa7 Ne4 43. Nc6 Nc5 44. b4
Na6 45. b5 Nc7 46. b6 Na6 47. b7 e4 48. Nb4 Nb8 49. a6 e3 50. a7 1-0

[Event "PJKL 2008 C categorie"]
[Site "Gemeente Leudal"]
[Date "2008.12.30"]
[Round "7"]
[White "Yue, Tim "]
[Black "Suilen, Willem "]
[Result "1-0"]
[ECO "C45"]
[WhiteElo "1500"]
[BlackElo "1519"]
[PlyCount "103"]
[EventDate "2008.??.??"]
[TimeControl "240+2"]

{65MB, Fritz10.ctg, LT-111} 1. e4 e5 2. Nf3 Nc6 3. d4 exd4 4. Nxd4 Nf6 5. Nxc6
bxc6 6. Bd3 d5 7. exd5 Qxd5 8. O-O Bd6 9. Nc3 Qa5 10. Bd2 Qb6 11. b3 Be6 12.
Ne4 Be5 13. Bc3 Bxc3 14. Nxc3 Rd8 15. Qe2 O-O 16. Rfe1 Bg4 17. Qf1 Rfe8 18. Ne4
Qd4 19. Nxf6+ Qxf6 20. f3 Bf5 21. Rad1 h6 22. Re2 Qd4+ 23. Kh1 Rxe2 24. Bxe2
Qf6 25. Rxd8+ Qxd8 26. Bd3 Bxd3 27. Qxd3 Qxd3 28. cxd3 f6 29. Kg1 Kf7 30. Kf2
Ke6 31. Ke3 Ke5 32. g4 g6 33. h4 c5 34. a3 a5 35. f4+ Kd5 36. Kd2 Kd4 37. Ke2
Kc3 38. g5 hxg5 39. f5 gxf5 40. h5 Kd4 41. h6 Ke5 42. h7 f4 43. h8=Q Kf5 44.
Qh7+ Kg4 45. Kf2 c6 46. Qd7+ Kh4 47. Qxc6 f5 48. Qxc5 Kg4 49. Qd5 Kh4 50. Qf3
g4 51. Qxf4 a4 52. Qh6# 1-0

[Event "PJKL 2008 C categorie"]
[Site "Gemeente Leudal"]
[Date "2008.12.30"]
[Round "7"]
[White "Bokern, Peter "]
[Black "Bokern, Paul "]
[Result "0-1"]
[ECO "C01"]
[WhiteElo "1251"]
[BlackElo "1385"]
[PlyCount "134"]
[EventDate "2008.??.??"]
[TimeControl "40/7200:20/3600:1800"]

{65MB, Fritz10.ctg, LT-111} 1. e4 e6 2. d4 d5 3. exd5 exd5 4. Nf3 Nf6 5. Bf4
Bg4 6. Be2 Be7 7. Nbd2 O-O 8. O-O Nbd7 9. Rc1 Rc8 10. c4 Nb6 11. c5 Nbd7 12. b4
c6 13. a4 Bxf3 14. Nxf3 Ne4 15. b5 Bg5 16. Nxg5 Nxg5 17. Rb1 Ne4 18. Rb3 Qf6
19. Bg3 Qh6 20. Rb2 Rfe8 21. Re1 Ndf6 22. Qc1 Qxc1 23. Rxc1 Re6 24. Be5 Rce8
25. bxc6 bxc6 26. Rb7 R6e7 27. Rcb1 Nc3 28. Rxe7 Rxe7 29. Rb8+ Re8 30. Rxe8+
Nxe8 31. Bf1 Nxa4 32. Bb8 a5 33. Bf4 Nb2 34. Ba6 Nf6 35. Bb7 Nd3 36. Bd2 Nb4
37. Kf1 Ne4 38. Bc1 Kf8 39. Ba3 Ke7 40. Bxb4 axb4 41. Bxc6 b3 42. Bxd5 Nd2+ 43.
Ke2 b2 44. Ba2 b1=Q 45. Bxb1 Nxb1 46. Kd3 Kd7 47. Kc4 Nd2+ 48. Kb5 Ne4 49. Kb6
Nf6 50. Kb7 Nd5 51. f3 h5 52. g3 f5 53. Ka6 Kc6 54. Ka5 Nc7 55. Kb4 Kd5 56. Ka5
Kxd4 57. Kb6 Ne6 58. c6 Ke3 59. c7 Nxc7 60. Kxc7 Kxf3 61. Kd6 f4 62. gxf4 Kxf4
63. Kd5 g5 64. Kd4 Kf3 65. Kd3 g4 66. Kd2 Kf2 67. Kd1 g3 0-1

[Event "PJKL 2008 C categorie"]
[Site "Gemeente Leudal"]
[Date "2008.12.30"]
[Round "7"]
[White "Peeters, Victor "]
[Black "Beciri, Emel "]
[Result "1-0"]
[ECO "C50"]
[WhiteElo "954"]
[BlackElo "1045"]
[PlyCount "135"]
[EventDate "2008.??.??"]
[TimeControl "40/7200:20/3600:1800"]

{65MB, Fritz10.ctg, LT-111} 1. e4 e5 2. Nf3 Nc6 3. Bc4 h6 4.
O-O Bc5 5. Nc3 Nf6 6. d3 O-O 7. Be3 Bxe3 8. fxe3 d6 9. d4 exd4
10. exd4 Re8 11. Qe2 a6 12. Qd3 Nb4 13. Qe2 Bf5 14. e5 dxe5 15. dxe5 b5 16. Bb3
c5 17. Qf2 Ne4 18. Nxe4 Bxe4 19. Qxc5 Nc6 20. Rae1 Bxf3 21. Rxf3 Nd4 22. Rf4
Ne6 23. Bxe6 fxe6 24. Qd6 Qa5 25. Ra1 Rad8 26. Qc6 b4 27. Rff1 Qxe5 28. Rab1
Qd4+ 29. Rf2 e5 30. Qxa6 e4 31. Qa4 e3 32. Re2 Rf8 33. c3 Qd3 34. Rbe1 bxc3 35.
bxc3 Rde8 36. Qa7 Rf7 37. Qd4 Rd8 38. Qxe3 Qxe3+ 39. Rxe3 g5 40. Re8+ Rxe8 41.
Rxe8+ Kg7 42. Re1 Rc7 43. Rc1 Kf6 44. Kf2 Ke5 45. Ke3 Kd5 46. Kd3 Kc5 47. a4
Ra7 48. Ra1 Ra5 49. c4 Kb4 50. Kd4 h5 51. g3 Rc5 52. a5 Rxc4+ 53. Ke3 Rc3+ 54.
Kf2 Rc2+ 55. Kg1 h4 56. gxh4 gxh4 57. h3 Rc7 58. a6 Ra7 59. Kf2 Kc5 60. Kf3 Kd5
61. Kg4 Ke6 62. Kxh4 Kf7 63. Kg5 Kg7 64. h4 Kh7 65. h5 Kg7 66. h6+ Kh7 67. Kf6
Kxh6 68. Rh1# 1-0

[Event "PJKL 2008 C categorie"]
[Site "Gemeente Leudal"]
[Date "2008.12.30"]
[Round "8"]
[White "Bokern, Paul "]
[Black "de Ridder, Naomi "]
[Result "1/2-1/2"]
[ECO "C45"]
[WhiteElo "1385"]
[BlackElo "1217"]
[PlyCount "51"]
[EventDate "2008.??.??"]
[TimeControl "40/7200:20/3600:1800"]

{65MB, Fritz10.ctg, LT-111} 1. e4 e5 2. Nf3 Nc6 3. d4 exd4 4. Nxd4 Nf6 5. Bg5
Be7 6. Bxf6 Bxf6 7. c3 d5 8. Qa4 Bxd4 9. cxd4 dxe4 10. Bb5 Bd7 11. Nc3 a6 12.
Bxc6 Bxc6 13. Qd1 O-O 14. O-O Re8 15. Re1 Qh4 16. d5 Bd7 17. Qe2 Qg4 18. Qe3 f5
19. h3 Qh4 20. Qd4 Qg5 21. Re3 Qf6 22. Qc4 Rac8 23. Rd1 Qd6 24. b3 b5 25. Qe2
Qb4 26. Qc2 1/2-1/2

[Event "PJKL 2008 C categorie"]
[Site "Gemeente Leudal"]
[Date "2008.12.30"]
[Round "8"]
[White "Klokgieters, Jeroen "]
[Black "Yue, Tim "]
[Result "0-1"]
[ECO "B30"]
[WhiteElo "1085"]
[BlackElo "1500"]
[PlyCount "56"]
[EventDate "2008.??.??"]
[TimeControl "40/7200:20/3600:1800"]

{65MB, Fritz10.ctg, LT-111} 1. e4 c5 2. Nf3 d6 3. Nc3 Nf6 4. Bc4 Nc6 5. d3 g6
6. O-O Bg7 7. h3 O-O 8. Nd5 Nxd5 9. Bxd5 Bd7 10. Bxc6 Bxc6 11. Rb1 b5 12. Qe2
b4 13. Kh1 Qd7 14. Qe3 f5 15. a3 fxe4 16. dxe4 Rab8 17. Bd2 a5 18. axb4 axb4
19. Qb3+ Kh8 20. Qc4 Bb5 21. Qd5 Bxf1 22. Rxf1 e6 23. Qb3 Qb5 24. Rb1 Rbe8 25.
c3 Qd3 26. Re1 Rxf3 27. gxf3 Qxd2 28. Rd1 Qxf2 0-1

[Event "PJKL 2008 C categorie"]
[Site "Gemeente Leudal"]
[Date "2008.12.30"]
[Round "8"]
[White "Katoen, Tom "]
[Black "Claessen, Remco "]
[Result "0-1"]
[ECO "A16"]
[WhiteElo "1015"]
[BlackElo "1334"]
[PlyCount "72"]
[EventDate "2008.??.??"]
[TimeControl "40/7200:20/3600:1800"]

{65MB, Fritz10.ctg, LT-111} 1. c4 Nf6 2. Nc3 d5 3. cxd5 Nxd5 4. Nxd5 Qxd5 5. d3
Bg4 6. Bd2 e6 7. Nf3 Bd6 8. e4 Qh5 9. Be2 Qg6 10. O-O Qh5 11. d4 Bxf3 12. e5
Bxe2 13. Qa4+ Nc6 14. exd6 Bxf1 15. Rxf1 cxd6 16. Re1 O-O 17. Be3 d5 18. b4 a6
19. a3 b5 20. Qc2 Rac8 21. Rc1 Ne7 22. Qd2 Rxc1+ 23. Qxc1 Rc8 24. Qd2 Nf5 25.
Bf4 f6 26. h3 Rc6 27. g4 Qxh3 28. gxf5 Qxf5 29. Be3 e5 30. dxe5 Qxe5 31. Bc5
Qg5+ 32. Qxg5 fxg5 33. Kg2 Kf7 34. Kg3 g6 35. Kg4 h6 36. f3 Ke8 0-1

[Event "PJKL 2008 C categorie"]
[Site "Roermond"]
[Date "2008.12.30"]
[Round "8"]
[White "Suilen, Willem "]
[Black "Linssen, Freek "]
[Result "1-0"]
[ECO "B35"]
[WhiteElo "1519"]
[BlackElo "1252"]
[PlyCount "53"]
[EventDate "2008.??.??"]
[TimeControl "240+2"]

{1MB, Fritz10.ctg, ERIC-LAPTOP} 1. e4 c5 2. Nf3 Nc6 3. d4 cxd4 4. Nxd4 Nf6 5.
Nc3 g6 6. Be3 Bg7 7. f3 O-O 8. Bc4 Ne5 9. Bb3 d6 10. Qd2 a6 11. O-O-O b5 12.
Nd5 Bb7 13. Nxf6+ Bxf6 14. h4 Nc4 15. Bxc4 bxc4 16. h5 e5 17. Ne2 Bg7 18. Qxd6
Qxd6 19. Rxd6 Rad8 20. Rxd8 Rxd8 21. hxg6 fxg6 22. Rd1 Rxd1+ 23. Kxd1 h5 24. b3
cxb3 25. axb3 h4 26. Bg5 h3 27. gxh3 1-0

[Event "PJKL 2008 C categorie"]
[Site "Roermond"]
[Date "2008.12.30"]
[Round "8"]
[White "Bokern, Peter "]
[Black "Thommassen, Lisan "]
[Result "1-0"]
[ECO "C57"]
[WhiteElo "1251"]
[BlackElo "746"]
[PlyCount "75"]
[EventDate "2008.??.??"]
[TimeControl "240+2"]

{1MB, Fritz10.ctg, ERIC-LAPTOP} 1. e4 e5 2. Nf3 Nc6 3. Bc4 Nf6 4. Ng5 d5 5.
exd5 Nxd5 6. Nxf7 Kxf7 7. Qf3+ Qf6 8. Bxd5+ Be6 9. Bxc6 Qxf3 10. Bxf3 Rd8 11.
Bxb7 Bc4 12. d3 Bb4+ 13. Bd2 Bxd2+ 14. Nxd2 Be6 15. O-O-O Bg4 16. Rde1 Rhe8 17.
Nc4 Kf6 18. Rhf1 Rb8 19. Bd5 Rb5 20. Bc6 Rbb8 21. Bxe8 Rxe8 22. f4 e4 23. Rxe4
Rd8 24. Rfe1 Bf5 25. Re7 h6 26. Rxc7 a6 27. Ree7 g6 28. Ne3 Be6 29. Rh7 h5 30.
Rc6 Rf8 31. f5 gxf5 32. Rh6+ Ke7 33. Rhxe6+ Kd7 34. Red6+ Ke7 35. Nd5+ Kf7 36.
Rd7+ Kg8 37. Nf6+ Kh8 38. Rh7# 1-0

[Event "PJKL 2008 C categorie"]
[Site "Roermond"]
[Date "2008.12.30"]
[Round "8"]
[White "Beciri, Emel "]
[Black "van Mulekom, Maureen "]
[Result "0-1"]
[ECO "D00"]
[WhiteElo "1045"]
[BlackElo "955"]
[PlyCount "142"]
[EventDate "2008.??.??"]
[TimeControl "240+2"]

{1MB, Fritz10.ctg, ERIC-LAPTOP} 1. d4 d5 2. Nc3 Nf6 3. Nf3 Nc6 4. Bf4 Bf5 5.
Nb5 Rc8 6. e3 Nb4 7. Bd3 Bxd3 8. cxd3 a6 9. Nc3 e6 10. a3 Nc6 11. O-O Bd6 12.
Bxd6 Qxd6 13. e4 Qd8 14. e5 Nd7 15. a4 O-O 16. b4 Nxb4 17. Qb1 a5 18. Na2 Nxa2
19. Rxa2 b6 20. Qc1 f6 21. exf6 Nxf6 22. Ng5 Qe7 23. h3 c5 24. dxc5 Rxc5 25.
Rc2 Rxc2 26. Qxc2 Nh5 27. Nf3 Nf4 28. d4 Qf6 29. Qb3 Qg6 30. Ne1 Ne2+ 31. Kh2
Nxd4 32. Qxb6 Ne2 33. Qxa5 Qe4 34. Qb6 Qe5+ 35. g3 Nxg3 36. Kg1 Nxf1 37. Kxf1
Rf6 38. Nd3 Qa1+ 39. Ne1 Qxa4 40. Qd8+ Rf8 41. Qb6 Qc4+ 42. Kg1 Qa4 43. Qxe6+
Kh8 44. Qe2 h6 45. Nf3 Qa1+ 46. Kg2 Qf6 47. Ne5 Qg5+ 48. Kf1 Rf5 49. Nf3 Qc1+
50. Kg2 Qc7 51. Qe8+ Kh7 52. Ng5+ Rxg5+ 53. Kf1 Qc1+ 54. Ke2 Qc2+ 55. Kf3 Qd3+
56. Kf4 Qf5+ 57. Ke3 Qxh3+ 58. Kd4 Qh4+ 59. Kc5 d4+ 60. Kc6 Rg6+ 61. Kd5 Qh5+
62. Kxd4 Rg4+ 63. Qe4+ Rxe4+ 64. Kxe4 Qg5 65. f3 Kg8 66. f4 Qf6 67. f5 g6 68.
fxg6 Qxg6+ 69. Kf4 Qe6 70. Kf3 Qe5 71. Kg4 Qf6 0-1

[Event "PJKL 2008 C categorie"]
[Site "Roermond"]
[Date "2008.12.30"]
[Round "8"]
[White "Schols, Wouter "]
[Black "van der Laan, Benjamin "]
[Result "1/2-1/2"]
[ECO "C50"]
[WhiteElo "893"]
[BlackElo "888"]
[PlyCount "121"]
[EventDate "2008.??.??"]
[TimeControl "240+2"]

{1MB, Fritz10.ctg, ERIC-LAPTOP} 1. e4 e5 2. Nf3 Nc6 3. Bc4 Bc5 4. d3 Nf6 5. Bg5
d6 6. Nc3 h6 7. Bxf6 Qxf6 8. Nd5 Qd8 9. O-O O-O 10. Qd2 Nd4 11. Qd1 c6 12. Nxd4
Bxd4 13. Nc3 Qg5 14. Qf3 Bg4 15. Qg3 d5 16. exd5 cxd5 17. Bxd5 Rad8 18. Bxb7 h5
19. Bf3 Bxc3 20. bxc3 Rb8 21. h3 f5 22. Rfe1 f4 23. Qh2 Bxf3 24. h4 Qg4 25. Kh1
Ba8 26. f3 Qg3 27. Qxg3 fxg3 28. Rxe5 g6 29. Rg5 Kg7 30. Rxg3 Rb2 31. Rg5 Re8
32. Rc5 Kh6 33. Rc7 Re2 34. Rc8 Bd5 35. c4 Bb7 36. Rc7 Rbxc2 37. d4 Rxg2 38. d5
Rh2+ 39. Kg1 Rhg2+ 40. Kf1 Rcf2+ 41. Ke1 Rb2 42. Kf1 Rbf2+ 43. Ke1 Rh2 44. Rxb7
Rb2 45. Rxb2 Rxb2 46. d6 Rb7 47. c5 Rd7 48. Rb1 g5 49. hxg5+ Kxg5 50. Rb2 h4
51. Rc2 Kf5 52. c6 Rxd6 53. c7 Re6+ 54. Kf2 Re8 55. c8=Q+ Rxc8 56. Rxc8 Kg5 57.
Rh8 a5 58. a4 Kf4 59. Rxh4+ Kf5 60. Rh5+ Kf4 61. Rxa5 1/2-1/2

[Event "PJKL 2008 C categorie"]
[Site "Roermond"]
[Date "2008.12.30"]
[Round "9"]
[White "Yue, Tim "]
[Black "Peeters, Victor "]
[Result "1-0"]
[ECO "C41"]
[WhiteElo "1500"]
[BlackElo "954"]
[PlyCount "59"]
[EventDate "2008.??.??"]
[TimeControl "240+2"]

{1MB, Fritz10.ctg, ERIC-LAPTOP} 1. e4 e5 2. Nf3 Nc6 3. d4 d6 4. dxe5 dxe5 5.
Qxd8+ Nxd8 6. Nxe5 Nf6 7. Bd3 Nc6 8. Nxc6 bxc6 9. O-O Bd6 10. f3 Bc5+ 11. Kh1
O-O 12. Nc3 Be6 13. Na4 Bd4 14. c3 Be5 15. f4 Bxf4 16. Rxf4 Rad8 17. Bc2 Bc4
18. Be3 a6 19. Nc5 a5 20. Bd4 Nh5 21. Rh4 Be2 22. Re1 Bc4 23. Rxh5 Bxa2 24. b3
g6 25. Rh4 Rd6 26. Ra1 Rfd8 27. Rxa2 Rf6 28. Bxf6 g5 29. Rg4 Kf8 30. Bxd8 1-0

[Event "PJKL 2008 C categorie"]
[Site "Roermond"]
[Date "2008.12.30"]
[Round "9"]
[White "de RIdder, Naomi "]
[Black "Linssen, Freek "]
[Result "1-0"]
[ECO "B56"]
[WhiteElo "1217"]
[BlackElo "1252"]
[PlyCount "77"]
[EventDate "2008.??.??"]
[TimeControl "240+2"]

{1MB, Fritz10.ctg, ERIC-LAPTOP} 1. e4 c5 2. Nf3 d6 3. d4 cxd4 4. Nxd4 Nc6 5.
Bb5 Bd7 6. Nc3 Nf6 7. O-O a6 8. Ba4 b5 9. Bb3 b4 10. Nd5 e6 11. Nxf6+ Qxf6 12.
Nxc6 Bxc6 13. f3 g6 14. Bd2 a5 15. c3 d5 16. exd5 Bxd5 17. Bxd5 exd5 18. Re1+
Be7 19. cxb4 O-O 20. Bc3 Qd6 21. Qd4 f6 22. bxa5 Qc7 23. Qxd5+ Kg7 24. Qe6 Rae8
25. Qb3 Bc5+ 26. Kh1 Rxe1+ 27. Rxe1 Ba7 28. a6 Qc5 29. Bb4 Re8 30. Qc3 Qxc3 31.
Bxc3 Rxe1+ 32. Bxe1 Kf7 33. h3 Ke6 34. Kh2 h5 35. g4 hxg4 36. hxg4 g5 37. Kg2
f5 38. gxf5+ Kxf5 39. Bf2 1-0

[Event "PJKL 2008 C categorie"]
[Site "Roermond"]
[Date "2008.12.30"]
[Round "9"]
[White "Claessen, Remco "]
[Black "Bokern, Paul "]
[Result "0-1"]
[ECO "C01"]
[WhiteElo "1334"]
[BlackElo "1385"]
[PlyCount "46"]
[EventDate "2008.??.??"]
[TimeControl "240+2"]

{1MB, Fritz10.ctg, ERIC-LAPTOP} 1. e4 e6 2. d4 d5 3. exd5 exd5 4. Nf3 Nf6 5.
Bg5 Be7 6. Be2 O-O 7. O-O Bf5 8. c4 c6 9. Re1 Nbd7 10. Nc3 Re8 11. Bd3 Bg4 12.
cxd5 Nxd5 13. Bxe7 Nxe7 14. Be4 Nf6 15. Qd3 h6 16. Rad1 Nxe4 17. Rxe4 Bf5 18.
Ne5 Bxe4 19. Qxe4 Ng6 20. Qf5 Qf6 21. Qh5 Nxe5 22. dxe5 Qxe5 23. g3 Qxh5 0-1